cohdb
Replays
Latest Replays
All Replays
Popular Replays
Top Player Replays
Match Explorer
How It Works
Community
CoH3 Stats
Reddit
Sign in to upload your games and track your stats! →
Sign in with Steam
Match 38306019
Unlisted
Match 38306019
Overview
Messages
Build Orders
End
Vickers Machine Gun Team
Vickers Machine Gun Team
Construct Section Command Post
Selects Air and Sea Battlegroup
Infantry Section
Infantry Section
Grenade Package
Construct Platoon Command Post
Infantry Section
Selects Commando Section Paradrop
Selects Commando Support Section Paradrop
Construct Company Command Post
Unlock Towed 17-pounder Anti-tank Guns
Commando Section Paradrop
Royal Engineer Section
17-pounder Anti-tank Gun Team
Rosiema
Henry Shi
鲜榨果汁
Fank
DIO
[PMT] Ramin
koowa
Mael Radec
0
0
Comments
sign in to comment!
No comments posted yet!